Map: Dreamcatcher LE

Players

PtitDrogo - Winner!

  • Race: Protoss Protoss
  • League: Master
  • Spawn Location: 11:00

Clem

  • Race: Terran Terran
  • League: Master
  • Spawn Location: 5:00

Event: HomeStory Cup XVIII

VOD

Have the link to the VOD?

Description

Time

  • Played on: Nov. 23, 2018, 10:32 a.m.
  • Length: 12:00

All games in this series

Show
View Real Time Build Order
Export as new Build Order

PtitDrogo Protoss - Winner!

Build Orders: 1 Gate Expand, Colossus Rush 

Get SALT Encoding   

  12  0:00  Probe  
  13  0:12  Probe  
  14  0:16  Pylon  
  14  0:24  Probe  
  15  0:32  Probe  
  15  0:37  Gateway  
  15  0:40  Probe  
  16  0:46  Assimilator  
  17  0:51  Probe  
  18  1:03  Probe  
  19  1:15  Probe  
  20  1:21  Nexus  
  20  1:32  Cybernetics Core  
  20  1:34  Probe  
  20  1:39  Assimilator  
  21  1:46  Probe  
  22  1:49  Pylon  
  22  1:58  Probe, Stalker  
  25  2:08  Warp Gate  
  25  2:10  Probe  
  26  2:21  Robotics Facility  
  26  2:24  Probe  
  27  2:34  Probe  
  27  2:35  Probe  
  27  2:40  Stalker  
  27  2:42  Probe  
  27  2:43  Probe  
  33  2:51  Probe  
  33  2:53  Probe  
  35  3:02  Observer  
  35  3:03  Probe  
  35  3:05  Probe  
  37  3:10  Stalker  
  37  3:12  Gateway  
  40  3:17  Probe  
  40  3:18  Probe  
  42  3:21  Gateway  
  42  3:24  Observer  
  43  3:29  Probe  
  43  3:31  Probe  
  45  3:36  Pylon  
  45  3:40  Pylon  
  45  3:41  Probe  
  46  3:50  Assimilator, Probe  
  46  3:53  Assimilator  
  46  3:54  Observer, Probe  
  49  3:58  Probe  
  49  4:00  Robotics Bay  
  50  4:06  Probe  
  50  4:08  Probe  
  51  4:11  Stalker x2  
  51  4:15  Stalker  
  58  4:18  Probe  
  58  4:20  Probe  
  60  4:26  Pylon  
  60  4:30  Probe  
  60  4:32  Shield Battery, Probe  
  60  4:35  Observer  
  61  4:41  Pylon  
  61  4:44  Stalker x3  
  67  4:52  Extended Thermal Lance  
  67  5:07  Stalker x3  
  67  5:11  Forge  
  67  5:12  Twilight Council  
  72  5:15  Colossus  
  73  5:23  Pylon  
  72  5:31  Protoss Ground Weapons Level 1  
  72  5:33  Blink  
  72  5:35  Nexus  
  78  5:37  Pylon  
  78  5:39  Pylon  
  78  5:47  Probe  
  79  5:52  Probe  
  80  6:00  Probe  
  81  6:04  Probe  
  81  6:06  Colossus  
  82  6:12  Probe  
  82  6:16  Probe  
  90  6:19  Gateway  
  90  6:21  Gateway  
  90  6:24  Probe  
  90  6:25  Gateway  
  91  6:26  Gateway  
  91  6:28  Probe  
  92  6:36  Probe  
  91  6:41  Probe  
  91  6:44  Sentry x2, Stalker  
  98  6:47  Probe  
  98  6:48  Probe  
  98  6:53  Probe  
  101  6:59  Colossus, Probe  
  101  7:00  Probe  
  109  7:05  Protoss Ground Armor Level 1, Probe  
  109  7:07  Pylon  
  110  7:10  Shield Battery  
  110  7:11  Pylon, Probe  
  110  7:12  Probe  
  110  7:14  Charge  
  112  7:16  Gateway  
  112  7:17  Probe  
  113  7:23  Probe  
  113  7:24  Sentry  
  113  7:25  Stalker  
  113  7:28  Assimilator  
  118  7:32  Zealot x2  
  118  7:33  Assimilator  
  122  7:44  Zealot x3  
  128  7:51  Pylon  
  128  7:53  Forge  
  128  8:02  Templar Archives  
  128  8:05  Pylon  
  128  8:06  Pylon  
  128  8:08  Pylon, Colossus  
  134  8:15  Nexus, Protoss Ground Weapons Level 2  
  134  8:17  Pylon  
  134  8:19  Stalker  
  134  8:28  Stalker x2  
  134  8:32  Stalker x2  
  142  8:47  High Templar x2, Zealot  
  142  8:48  Zealot  
  148  8:51  Archon  
  148  8:54  Probe  
  149  8:56  Warp Prism  
  149  8:57  Zealot x4  
  149  9:01  Pylon  
  157  9:03  Pylon  
  157  9:06  Dark Shrine  
  157  9:09  Probe  
  156  9:19  Probe  
  156  9:23  Assimilator  
  157  9:24  Stalker  
  157  9:25  Stalker  
  157  9:27  Assimilator  
  157  9:30  Photon Cannon  
  161  9:33  Stalker  
  161  9:34  Protoss Ground Armor Level 2  
  161  9:37  Probe  
  161  9:42  Stalker  
  155  9:46  Stalker  
  155  9:50  Stalker  
  159  9:56  Stalker x2  
  163  10:07  High Templar x2, Zealot  
  163  10:08  Zealot  
  163  10:09  Probe  
  163  10:10  Probe  
  163  10:12  Archon  
  169  10:23  Observer  
  169  10:26  Dark Templar x2  
  173  10:30  Probe x2  
  173  10:31  Probe x2  
  177  10:36  Observer  
  178  10:48  Zealot x6  
  178  11:00  Dark Templar x2  
  180  11:09  Zealot  
  180  11:10  Zealot x5  
  190  11:15  Probe  
  187  11:30  Zealot  
  187  11:31  Zealot x5  
  193  11:39  Zealot  
  169  11:40  Zealot  
Show
View Real Time Build Order
Export as new Build Order

Clem Terran 

Build Orders:  

Get SALT Encoding   

  12  0:01  SCV  
  13  0:13  SCV  
  14  0:17  Supply Depot  
  14  0:25  SCV  
  15  0:30  Refinery  
  15  0:38  SCV  
  16  0:44  Barracks  
  16  0:50  SCV  
  17  1:02  SCV  
  18  1:15  SCV  
  20  1:33  Reaper, Orbital Command  
  20  1:43  Command Center  
  20  1:53  Factory  
  20  1:58  SCV  
  21  2:05  Supply Depot  
  21  2:10  Barracks Reactor  
  21  2:13  Refinery  
  21  2:17  SCV  
  23  2:30  SCV  
  23  2:42  Starport, SCV  
  24  2:47  Marine x2  
  24  2:48  Factory Tech Lab  
  26  2:54  SCV  
  26  2:55  Orbital Command  
  27  3:06  SCV  
  27  3:08  Cyclone  
  27  3:09  Marine x2  
  33  3:18  SCV  
  34  3:20  Supply Depot  
  34  3:22  SCV  
  34  3:26  Medivac  
  37  3:30  Marine, SCV  
  37  3:32  Marine  
  39  3:36  SCV  
  43  3:41  Cyclone  
  43  3:45  SCV  
  44  3:48  SCV  
  44  3:49  Supply Depot  
  44  3:51  Marine x2  
  47  3:57  SCV  
  47  4:00  Viking, SCV  
  51  4:11  SCV  
  51  4:12  SCV  
  51  4:13  Marine x2  
  55  4:18  Siege Tank  
  55  4:23  SCV  
  59  4:24  SCV  
  59  4:30  Engineering Bay  
  59  4:31  Supply Depot  
  60  4:38  Command Center  
  60  4:41  Marine x2  
  62  4:51  Supply Depot, Liberator  
  67  4:52  Siege Tank, SCV x2  
  67  4:58  Barracks  
  67  5:03  Barracks  
  67  5:12  Marine, SCV  
  67  5:13  Marine  
  71  5:17  SCV  
  64  5:22  Refinery  
  64  5:23  Refinery  
  64  5:24  SCV  
  65  5:33  Marine x2  
  70  5:36  SCV x2  
  70  5:39  Supply Depot  
  72  5:48  SCV x2  
  71  5:51  Marine  
  71  5:52  Factory Reactor, Barracks Tech Lab  
  71  5:53  Orbital Command  
  66  6:01  Starport Reactor, Stimpack  
  66  6:02  Marauder, Barracks  
  66  6:03  Marine, Barracks  
  65  6:07  Bunker  
  65  6:08  Marine, SCV  
  67  6:12  SCV  
  67  6:15  Combat Shield  
  68  6:20  Marine, SCV  
  68  6:21  Marauder  
  68  6:24  Marauder  
  68  6:25  Supply Depot  
  74  6:27  Marine  
  74  6:31  SCV x2  
  74  6:32  SCV  
  78  6:38  Marine  
  78  6:39  Widow Mine x2, Medivac  
  82  6:41  Medivac  
  82  6:44  Marine  
  85  6:47  SCV  
  85  6:48  SCV  
  85  6:52  Supply Depot, Terran Infantry Weapons Level 1  
  87  6:55  Engineering Bay  
  87  6:56  Orbital Command  
  87  6:57  Barracks Tech Lab  
  87  6:59  Barracks Reactor  
  87  7:04  Marauder  
  87  7:05  Widow Mine  
  91  7:09  Supply Depot  
  91  7:10  SCV  
  91  7:13  SCV  
  91  7:15  Widow Mine  
  95  7:19  Marine x2  
  95  7:20  Marauder  
  99  7:23  SCV x2  
  99  7:27  Terran Infantry Armor Level 1  
  101  7:32  Marauder  
  101  7:33  Medivac x2  
  101  7:34  Concussive Shells  
  109  7:37  Widow Mine  
  109  7:38  Missile Turret  
  109  7:41  SCV  
  109  7:44  Marine x4  
  110  7:48  Supply Depot, Marauder  
  116  7:52  Widow Mine  
  116  7:56  Supply Depot  
  116  7:57  Marauder x2  
  122  7:58  SCV  
  122  7:59  Armory  
  122  8:00  SCV  
  122  8:01  SCV  
  122  8:05  Refinery x2  
  125  8:09  Starport  
  125  8:10  SCV  
  125  8:11  Marine x4  
  130  8:15  Liberator  
  130  8:17  Supply Depot x2, SCV  
  130  8:18  SCV  
  130  8:19  Marauder  
  134  8:22  SCV  
  135  8:30  SCV x2  
  135  8:33  Marine x2, Marauder  
  135  8:34  Fusion Core  
  141  8:35  SCV  
  133  8:42  Marauder x2  
  133  8:43  Widow Mine, SCV  
  133  8:45  SCV  
  133  8:47  Marine x2  
  136  8:49  SCV  
  137  8:59  Liberator  
  137  9:00  SCV x2  
  137  9:02  Command Center  
  139  9:07  Sensor Tower  
  139  9:08  Widow Mine x2  
  145  9:10  Marauder  
  145  9:16  Starport Tech Lab  
  148  9:17  Supply Depot, SCV  
  148  9:21  Marine x3, Liberator  
  148  9:22  Marauder  
  154  9:26  Marauder  
  154  9:28  SCV  
  157  9:38  Marauder, Marine  
  157  9:39  Widow Mine x2, Liberator  
  165  9:50  Advanced Ballistics  
  165  9:54  Supply Depot  
  165  9:55  Supply Depot, Marine x2  
  165  9:56  Marine, Marauder  
  165  9:57  Marauder  
  173  10:00  Widow Mine, Marauder  
  173  10:05  Marine  
  174  10:12  Marine  
  177  10:14  Widow Mine, Marine x2  
  177  10:18  Marauder x2  
  183  10:22  Widow Mine, Marauder  
  187  10:29  Marine  
  187  10:30  Sensor Tower  
  188  10:37  Ghost Academy  
  188  10:39  Marauder  
  188  10:40  Widow Mine  
  192  10:44  Marine, Marauder  
  192  10:47  Missile Turret  
  192  10:49  Missile Turret  
  192  10:51  Liberator x2, SCV  
  180  10:57  SCV  
  180  11:00  Marine  
  180  11:01  Marauder  
  180  11:02  SCV  
  182  11:05  Widow Mine  
  189  11:12  SCV  
  189  11:17  Widow Mine  
  190  11:23  SCV  
  190  11:24  Marine  
  190  11:25  Marauder  
  189  11:29  SCV x2  
  189  11:32  Marine x2, Marauder  
  187  11:34  Marine  
  187  11:35  Marauder  
  187  11:39  Widow Mine  
  171  11:44  SCV  
Tags
 
Add a new tag
Caveats
  • Supply blocks, unpowered buildings, or Contaminate may cause inaccurate times.
  • Supply counts are checked every 10 seconds.